[Event "Titled Tuesday Blitz May 10 Early 2022"]
[White "Perez Gormaz, Matias"]
[Black "Mikhalsky, Vladimir"]
[WhiteFideId "3406342"]
[BlackFideId "14144352"]
[WhiteElo "2341"]
[BlackElo "2301"]
[Result "1-0"]
[Round "04"]
[TimeControl "180+1"]
[Date "2022.05.11"]
[WhiteClock "0:00:06"]
[BlackClock "0:00:00"]

1. d4 Nf6 2. Nf3 g6 3. Nc3 Bg7 4. e4 O-O 5. e5 Ne8 6. h4 d6 7. h5 dxe5 8. hxg6 hxg6 9. Nxe5 Bxe5 10. dxe5 Qxd1+ 11. Nxd1 Nc6 12. Bf4 Bf5 13. Ne3 Ng7 14. O-O-O Rfd8 15. f3 Rxd1+ 16. Kxd1 Rd8+ 17. Kc1 Nb4 18. a3 Nd5 19. Nxd5 Rxd5 20. g4 Be6 21. Bd3 Rc5 22. b4 Rc6 23. Be4 Ra6 24. Kb2 Rb6 25. Bg5 a5 26. Bxe7 axb4 27. axb4 Rb5 28. c3 Rxe5 29. Bf6 Rb5 30. Bd4 Bd5 31. Bxd5 Rxd5 32. Kb3 b6 33. Kc4 Rd8 34. Be5 Rd7 35. Rh2 f5 36. Bf6 fxg4 37. fxg4 Ne8 38. Be5 Nd6+ 39. Kb3 Ne4 40. Bd4 Nd6 41. Kc2 Nb5 42. Rh8+ Kf7 43. Be5 Ke6 44. Re8+ Kd5 45. Bg3 Kc6 46. Re4 Kb7 47. Re6 g5 48. Rg6 Rf7 49. Rxg5 Rf3 50. Be5 Rf2+ 51. Kb3 Rf3 52. Rf5 Re3 53. Bf4 Rf3 54. Rxb5 Rxf4 55. g5 Rg4 56. Re5 Kc6 57. Rf5 Rg3 58. Kc4 b5+ 59. Kd4 Rg4+ 60. Kd3 Rg3+ 61. Kc2 Rg2+ 62. Kb3 Rg4 63. Rc5+ Kb6 64. Rf5 c6 65. Kc2 Rg3 66. Kb3 Kc7 67. Rf7+ Kd6 68. Rf6+ Kd5 69. Rf5+ Kd6 70. Rc5 Rg2 71. Ka3 Rg3 72. Kb2 Rg2+ 73. Kb3 Rg3 74. Kc2 Rg2+ 75. Kd3 Rg4 76. Ke3 Rg3+ 77. Kf4 Rg1 78. Kf5 Rf1+ 79. Kg6 1-0


[Site "https://www.chess.com"]

[Event "Titled Tuesday Blitz May 10 Early 2022"]
[White "Piesik, Piotr"]
[Black "Legenia, Artem"]
[WhiteFideId "1136194"]
[BlackFideId "14136945"]
[WhiteElo "2190"]
[BlackElo "1936"]
[Result "1-0"]
[Round "04"]
[TimeControl "180+1"]
[Date "2022.05.11"]
[WhiteClock "0:01:31"]
[BlackClock "0:00:33"]

1. Nf3 d5 2. g3 c6 3. Bg2 Bg4 4. O-O Bxf3 5. Bxf3 Nf6 6. d3 e6 7. Nd2 Be7 8. e4 h6 9. Qe2 O-O 10. Bg2 Re8 11. e5 Nfd7 12. f4 c5 13. c3 Nc6 14. Nf3 Bf8 15. Be3 Rb8 16. Bf2 b5 17. g4 b4 18. c4 b3 19. cxd5 exd5 20. a3 g5 21. Bg3 Nf6 22. h3 gxf4 23. Bxf4 Bg7 24. Qf2 Nd7 25. e6 Rxe6 26. Bxb8 Qxb8 27. Rae1 Nd4 28. Kh1 Nxf3 29. Qxf3 Nf6 30. Qf5 Qd6 31. h4 Nd7 32. Qxf7+ 1-0


[Site "https://www.chess.com"]

[Event "Titled Tuesday Blitz May 10 Early 2022"]
[White "Piliczewski, Bogusz"]
[Black "Le Ruyet, Leopold"]
[WhiteFideId "1104144"]
[BlackFideId "645923"]
[WhiteElo "1896"]
[BlackElo "2276"]
[Result "0-1"]
[Round "04"]
[TimeControl "180+1"]
[Date "2022.05.11"]
[WhiteClock "0:00:06"]
[BlackClock "0:00:13"]

1. d4 Nf6 2. Nf3 g6 3. Bf4 Bg7 4. e3 d5 5. h3 c5 6. c3 cxd4 7. cxd4 O-O 8. Be2 Qb6 9. Qb3 Qxb3 10. axb3 Nc6 11. O-O Bf5 12. Nc3 Bc2 13. Nd2 h6 14. Rfc1 Bf5 15. Ra4 g5 16. Bh2 e6 17. b4 a6 18. b5 axb5 19. Bxb5 Nd7 20. Rca1 Rac8 21. Bd6 Rfd8 22. Bh2 Nb6 23. Bxc6 bxc6 24. Ra6 Nd7 25. Ra7 e5 26. dxe5 Nxe5 27. Rb7 Nd3 28. Nd1 c5 29. Raa7 Bg6 30. Bc7 Re8 31. Bb6 c4 32. Ba5 d4 0-1


[Site "https://www.chess.com"]

[Event "Titled Tuesday Blitz May 10 Early 2022"]
[White "Pinero Rodriguez, Carlos Jose"]
[Black "Dounis, Alexandros"]
[WhiteFideId "3901726"]
[BlackFideId "4213238"]
[WhiteElo "2053"]
[BlackElo "2204"]
[Result "0-1"]
[Round "04"]
[TimeControl "180+1"]
[Date "2022.05.11"]
[WhiteClock "0:00:02"]
[BlackClock "0:00:24"]

1. e4 d5 2. exd5 Nf6 3. Nc3 Nxd5 4. Nf3 Nxc3 5. bxc3 e6 6. d4 Be7 7. Bd3 O-O 8. O-O Nd7 9. Re1 b6 10. Ne5 Nxe5 11. Rxe5 Bb7 12. Qg4 g6 13. Bh6 Re8 14. Rae1 Bf6 15. R5e3 Bg7 16. Bxg7 Kxg7 17. h4 h5 18. Qg3 Qd6 19. Qe5+ Qxe5 20. Rxe5 Red8 21. f3 Rac8 22. a4 c5 23. dxc5 bxc5 24. Rb1 Bc6 25. Bb5 Bxb5 26. Rxb5 Rd2 27. Rexc5 Rcd8 28. Rb7 Rxc2 29. Rcc7 Rdd2 30. Rxf7+ Kg8 31. Rg7+ Kf8 32. Rxg6 Rxc3 33. Rxa7 Rc8 34. Rh6 Kg8 35. Rxe6 Rd5 36. Rg6+ Kh8 37. Rg5 Rxg5 38. hxg5 Rc5 39. f4 h4 40. Kh2 Rc4 41. Kh3 Rxf4 0-1


[Site "https://www.chess.com"]

[Event "Titled Tuesday Blitz May 10 Early 2022"]
[White "Plotnikov, Pavel"]
[Black "Schut, Han"]
[WhiteFideId "4170342"]
[BlackFideId "1005561"]
[WhiteElo "2298"]
[BlackElo "2057"]
[Result "1-0"]
[Round "04"]
[TimeControl "180+1"]
[Date "2022.05.11"]
[WhiteClock "0:00:37"]
[BlackClock "0:00:02"]

1. d4 Nf6 2. c4 g6 3. g3 d5 4. Nf3 Bg7 5. Bg2 O-O 6. cxd5 Nxd5 7. O-O c5 8. Nc3 cxd4 9. Nxd4 Nb6 10. Ndb5 Nc6 11. Bf4 e5 12. Be3 Nd4 13. b3 a6 14. Na3 Qe7 15. Nc2 Bf5 16. Nxd4 exd4 17. Bxd4 Rad8 18. e3 Bxd4 19. exd4 Qb4 20. Ne2 Nd5 21. Rc1 Rd7 22. Rc4 Qe7 23. Re1 Re8 24. Rc1 Bg4 25. f3 Ne3 26. Qd3 Nxg2 27. Kxg2 Bf5 28. Qc3 Qd8 29. Kf2 Ree7 30. Rcd1 Rc7 31. Qa5 Qc8 32. d5 Rc2 33. d6 Rexe2+ 34. Rxe2 Rxe2+ 35. Kxe2 Qe6+ 36. Kf2 Bc2 37. d7 Bxd1 38. d8=Q+ Kg7 1-0


[Site "https://www.chess.com"]

[Event "Titled Tuesday Blitz May 10 Early 2022"]
[White "Polanco Nunez, Yoel Estarling"]
[Black "Shohat, Yotam"]
[WhiteFideId "6401783"]
[BlackFideId "2813955"]
[WhiteElo "2132"]
[BlackElo "2119"]
[Result "1-0"]
[Round "04"]
[TimeControl "180+1"]
[Date "2022.05.11"]
[WhiteClock "0:01:05"]
[BlackClock "0:00:09"]

1. Nf3 Nf6 2. g3 g6 3. Bg2 Bg7 4. O-O O-O 5. d4 d5 6. c4 c6 7. cxd5 cxd5 8. Ne5 e6 9. Nc3 Nfd7 10. f4 Nc6 11. Be3 f6 12. Nxc6 bxc6 13. Bf2 e5 14. Nxd5 Rb8 15. Nc3 Rxb2 16. Bxc6 exf4 17. gxf4 Kh8 18. Rc1 f5 19. d5 Nf6 20. Bd4 Ng4 21. Bxg7+ Kxg7 22. Qd4+ Kh6 23. Rf3 Qh4 24. h3 Ba6 25. hxg4 Bxe2 26. Qf2 Qxg4+ 27. Rg3 Qh5 28. Qh2 Qxh2+ 29. Kxh2 Bg4+ 30. Rg2 Rfb8 31. d6 Kg7 32. d7 Rxg2+ 33. Kxg2 Kf6 34. Re1 1-0


[Site "https://www.chess.com"]

[Event "Titled Tuesday Blitz May 10 Early 2022"]
[White "Priyanka, K"]
[Black "Shashikant, Kutwal"]
[WhiteFideId "5082986"]
[BlackFideId "5006520"]
[WhiteElo "1905"]
[BlackElo "2321"]
[Result "1-0"]
[Round "04"]
[TimeControl "180+1"]
[Date "2022.05.11"]
[WhiteClock "0:00:06"]
[BlackClock "0:00:09"]

1. e4 e5 2. Nf3 Nc6 3. Bb5 a6 4. Ba4 Nf6 5. d3 b5 6. Bb3 Bc5 7. Nc3 h6 8. Nd5 d6 9. c3 Be6 10. Be3 Bxe3 11. fxe3 Na5 12. a4 Nxb3 13. Qxb3 c6 14. Nxf6+ Qxf6 15. Qa3 Bg4 16. O-O O-O 17. axb5 axb5 18. Qxa8 Rxa8 19. Rxa8+ Kh7 20. h3 Bxf3 21. Rxf3 Qe6 22. Ra7 Kg8 23. Rfxf7 Qxf7 24. Rxf7 Kxf7 25. Kf2 g5 26. Kf3 h5 27. d4 Ke6 28. Ke2 Kd7 29. Kd3 Kc7 30. c4 Kb6 31. Kc3 c5 32. dxe5 dxe5 33. cxb5 Kxb5 34. b3 Kb6 35. Kc4 Kc6 36. g3 Kb6 37. Kd5 Kb5 38. Kxe5 Kb4 39. Kd5 1-0


[Site "https://www.chess.com"]

[Event "Titled Tuesday Blitz May 10 Early 2022"]
[White "Przybylski, Wojciech"]
[Black "Harshavardhan G B"]
[WhiteFideId "1117599"]
[BlackFideId "25059009"]
[WhiteElo "2133"]
[BlackElo "1831"]
[Result "0-1"]
[Round "04"]
[TimeControl "180+1"]
[Date "2022.05.11"]
[WhiteClock "0:00:04"]
[BlackClock "0:00:18"]

1. d4 Nf6 2. c4 e5 3. e3 exd4 4. exd4 d5 5. c5 g6 6. Nf3 Bg7 7. Be2 O-O 8. Nc3 Re8 9. O-O Nc6 10. h3 Ne4 11. Be3 b6 12. Bb5 Nxc3 13. bxc3 Re6 14. Ng5 Rf6 15. Nf3 Ne7 16. Ne5 Re6 17. Nd3 Nf5 18. Bf4 c6 19. Ba4 Ba6 20. Re1 Bxd3 21. Qxd3 bxc5 22. Rxe6 fxe6 23. dxc5 Rc8 24. g4 Nh4 25. Qa6 Qd7 26. Qd3 e5 27. Bg5 e4 28. Qe3 Nf3+ 29. Kg2 Qf7 30. Rc1 Nxg5 31. Qxg5 Qf3+ 32. Kg1 Qxh3 33. c4 Bh6 34. Qe7 Qxg4+ 35. Kf1 Bxc1 36. cxd5 cxd5 37. Bd7 Qd1+ 38. Kg2 Qf3+ 39. Kg1 Rf8 40. Be6+ Kh8 41. Qh4 e3 42. c6 exf2+ 43. Kf1 Qd1+ 0-1


[Site "https://www.chess.com"]

[Event "Titled Tuesday Blitz May 10 Early 2022"]
[White "Rahman, Adel"]
[Black "Winkels, Marcel"]
[WhiteFideId "14204177"]
[BlackFideId "1003887"]
[WhiteElo "2175"]
[BlackElo "1900"]
[Result "1-0"]
[Round "04"]
[TimeControl "180+1"]
[Date "2022.05.11"]
[WhiteClock "0:00:13"]
[BlackClock "0:00:03"]

1. e4 c5 2. Nf3 d6 3. d4 cxd4 4. Nxd4 Nf6 5. Nc3 a6 6. Bg5 Nbd7 7. Bc4 Qb6 8. Bb3 g6 9. Qd2 Bg7 10. O-O-O O-O 11. Bh6 Nc5 12. h4 Nxb3+ 13. axb3 Bd7 14. h5 Nxh5 15. Rxh5 Qxd4 16. Qxd4 Bxd4 17. Bxf8 gxh5 18. Bxe7 Bxf2 19. Rxd6 Be6 20. Nd5 Bg3 21. Rb6 Bxd5 22. exd5 Bf4+ 23. Kd1 Bc7 24. Rxb7 Bd8 25. d6 Bxe7 26. dxe7 Re8 27. Ke2 f5 28. Ke3 Kf7 29. Kf4 Kf6 30. c4 h6 31. b4 Ke6 32. c5 Rg8 33. g3 1-0


[Site "https://www.chess.com"]

[Event "Titled Tuesday Blitz May 10 Early 2022"]
[White "Rastbod, Ali"]
[Black "Jobava, Baadur"]
[WhiteFideId "12567477"]
[BlackFideId "13601520"]
[WhiteElo "2147"]
[BlackElo "2617"]
[Result "1/2-1/2"]
[Round "04"]
[TimeControl "180+1"]
[Date "2022.05.10"]
[WhiteClock "0:00:07"]
[BlackClock "0:00:37"]

1. c4 c6 2. Nc3 d5 3. d4 Nf6 4. cxd5 cxd5 5. Bf4 Nc6 6. e3 a6 7. Bd3 Bg4 8. f3 Bd7 9. Nge2 e6 10. g4 Be7 11. h4 O-O 12. h5 Ne8 13. Kf2 Rc8 14. Rc1 Nd6 15. Bb1 Nc4 16. Qd3 f5 17. gxf5 Nb4 18. Qd1 Nxb2 19. Qd2 Nc4 20. Qd1 exf5 21. Qb3 Be6 22. a3 Nxa3 23. Be5 Nxb1 24. Qxb1 Nc6 25. Nf4 Qd7 26. Na4 Nxe5 27. Nb6 Rxc1 28. Rxc1 Bh4+ 29. Ke2 Qd6 30. dxe5 Qxe5 31. Qb3 Bg5 32. Nxe6 Qxe6 33. Qxd5 Re8 34. Qxe6+ Rxe6 35. Rc8+ Kf7 36. Nd5 Re5 37. Rc7+ Ke6 38. Rxg7 Rxd5 39. Rxg5 a5 40. Rg7 Rd7 41. Rg8 b5 42. Ra8 a4 43. Ra5 Rd5 44. h6 Kf6 45. e4 fxe4 46. fxe4 Rc5 47. Kd3 Kg6 48. Kd4 Rc4+ 49. Kd5 Rb4 50. Ra6+ Kg5 51. e5 Rb1 52. e6 Kf6 53. Ra7 Rd1+ 54. Kc5 Kxe6 55. Kxb5 Rd7 56. Rxd7 Kxd7 57. Kxa4 Ke6 58. Kb3 Kf6 59. Kc2 Kg6 60. Kd2 Kxh6 61. Ke2 1/2-1/2


[Site "https://www.chess.com"]

[Event "Titled Tuesday Blitz May 10 Early 2022"]
[White "Richter, Nils"]
[Black "Seo, Jung Min"]
[WhiteFideId "12990809"]
[BlackFideId "1734687"]
[WhiteElo "2551"]
[BlackElo "2742"]
[Result "1/2-1/2"]
[Round "04"]
[TimeControl "180+1"]
[Date "2022.05.11"]
[WhiteClock "0:00:25"]
[BlackClock "0:00:52"]

1. e4 c5 2. Nf3 d6 3. d4 cxd4 4. Nxd4 Nf6 5. Nc3 a6 6. g3 e5 7. Nb3 Be7 8. Bg2 O-O 9. O-O b5 10. a4 b4 11. Nd5 Nxd5 12. Qxd5 Ra7 13. Be3 Rd7 14. a5 Bb7 15. Qd2 Nc6 16. Bb6 Qc8 17. Rfd1 Bd8 18. Nc5 Bxb6 19. Nxd7 Qxd7 20. axb6 Rd8 21. c3 a5 22. Bf1 h6 23. Bc4 Ne7 24. cxb4 axb4 25. Ra7 Qc6 26. Qxb4 Qxe4 27. Rxb7 Qxb7 28. Rxd6 Ra8 29. Rd1 Nc6 30. Qc5 Rc8 31. Bd5 Qd7 32. b7 Qxb7 33. Rc1 Qxb2 34. Bxc6 g6 35. Re1 Kg7 36. Qd6 Qc3 37. Qxe5+ Qxe5 38. Rxe5 Rxc6 39. h4 h5 40. Kg2 Rf6 41. Ra5 Rb6 42. Rc5 f6 43. Ra5 Kh6 44. Rc5 g5 45. hxg5+ fxg5 46. Rc8 Kg6 47. Rg8+ Kf5 48. Rh8 Kg6 49. Rg8+ Kh6 50. Rh8+ Kg6 51. Rg8+ 1/2-1/2


[Site "https://www.chess.com"]

[Event "Titled Tuesday Blitz May 10 Early 2022"]
[White "Risteski, Emil"]
[Black "Girinath, P.D.S."]
[WhiteFideId "15005267"]
[BlackFideId "5000572"]
[WhiteElo "2070"]
[BlackElo "2369"]
[Result "1/2-1/2"]
[Round "04"]
[TimeControl "180+1"]
[Date "2022.05.11"]
[WhiteClock "0:00:21"]
[BlackClock "0:00:06"]

1. e4 e6 2. d3 d5 3. Nd2 Nf6 4. c3 a5 5. Ngf3 Nc6 6. a4 e5 7. Be2 Bc5 8. O-O O-O 9. Qc2 Bg4 10. h3 Bh5 11. b3 Re8 12. Bb2 Qd7 13. Rfe1 Rad8 14. Nf1 Bg6 15. Ng3 Nh5 16. Nxh5 Bxh5 17. Nd2 Bxe2 18. Rxe2 dxe4 19. dxe4 Qd3 20. Nc4 Qxc2 21. Rxc2 Rd3 22. Kf1 Red8 23. Ke2 f6 24. Rf1 g5 25. Rd2 Rxd2+ 26. Nxd2 Kf7 27. Nc4 Ke6 28. Bc1 b6 29. Bd2 Ne7 30. g3 h5 31. f4 gxf4 32. gxf4 Rg8 33. f5+ Kd7 34. Kf3 Nc8 35. b4 axb4 36. cxb4 Bd4 37. a5 Nd6 38. Nxd6 Kxd6 39. Rb1 h4 40. Be1 Rh8 41. Rc1 bxa5 42. bxa5 c5 43. Rb1 c4 44. Rc1 Kc5 45. Kg4 Be3 46. Rc2 Kd4 47. Bxh4 Kd3 48. Ra2 c3 49. Bxf6 Rg8+ 50. Kf3 c2 51. Rxc2 Kxc2 52. Kxe3 Rg3+ 53. Kf2 Rxh3 54. Bxe5 Kd3 55. Bg3 Kxe4 56. a6 Rh7 57. f6 Kf5 58. Bb8 Kxf6 59. a7 Rxa7 60. Bxa7 1/2-1/2


[Site "https://www.chess.com"]

[Event "Titled Tuesday Blitz May 10 Early 2022"]
[White "Ronka, Erik"]
[Black "Maksimovic, Bojan"]
[WhiteFideId "505080"]
[BlackFideId "14408120"]
[WhiteElo "2540"]
[BlackElo "2736"]
[Result "0-1"]
[Round "04"]
[TimeControl "180+1"]
[Date "2022.05.11"]
[WhiteClock "0:00:07"]
[BlackClock "0:00:08"]

1. e4 c5 2. Nf3 Nc6 3. d4 cxd4 4. Nxd4 Nf6 5. Nc3 e5 6. Ndb5 d6 7. Bg5 a6 8. Na3 b5 9. Bxf6 gxf6 10. Nd5 f5 11. Bd3 Be6 12. c3 Bg7 13. Nxb5 axb5 14. Bxb5 Rc8 15. Qa4 Bd7 16. exf5 O-O 17. O-O Nb8 18. Bxd7 Nxd7 19. Rfd1 Rc5 20. Ne3 Nb6 21. Qg4 d5 22. a4 d4 23. cxd4 exd4 24. b4 Rc3 25. a5 Qf6 26. Nf1 Nc4 27. Ng3 Ne5 28. Qe4 d3 29. Nh5 Qg5 30. Nxg7 Qxg7 31. a6 Rc4 32. Qb7 f6 33. Qb5 Rg4 34. g3 d2 35. a7 h5 36. a8=Q Rxa8 37. Rxa8+ Kh7 38. Qc5 Nf3+ 39. Kh1 Rd4 40. Ra7 Rd7 41. Rxd7 Qxd7 42. Qe3 Qb7 43. Kg2 Nh4+ 44. Kf1 Nf3 45. Ke2 Ne5 46. Rxd2 Qb5+ 47. Ke1 Qxb4 48. f4 Nc4 49. Qd3 Nxd2 50. Qxd2 Qe4+ 51. Kf2 Qxf5 52. Qe2 Kg6 53. Ke3 Qe6+ 54. Kd2 Qc6 55. Qd3+ Kg7 56. Qe2 Kg6 57. Qd3+ Kg7 58. Qc3 Qg2+ 59. Kc1 Qh1+ 60. Kb2 Qxh2+ 61. Kb3 h4 62. gxh4 Qxh4 63. Qd4 Kg6 64. Kc4 Kf5 65. Qd7+ Kxf4 66. Kd3 Qg3+ 67. Ke2 Qf3+ 68. Ke1 f5 69. Qd6+ Kg4 70. Qg6+ Kh3 71. Qh6+ Kg2 72. Qg5+ Qg3+ 73. Qxg3+ Kxg3 74. Kf1 Kf3 75. Ke1 f4 76. Kf1 Ke3 77. Ke1 f3 78. Kf1 f2 0-1


[Site "https://www.chess.com"]

[Event "Titled Tuesday Blitz May 10 Early 2022"]
[White "Rustemov, Alexander"]
[Black "Lazavik, Denis"]
[WhiteFideId "4119002"]
[BlackFideId "13515110"]
[WhiteElo "2708"]
[BlackElo "2437"]
[Result "1/2-1/2"]
[Round "04"]
[TimeControl "180+1"]
[Date "2022.05.10"]
[WhiteClock "0:00:16"]
[BlackClock "0:00:11"]

1. d4 Nf6 2. Bg5 d5 3. e3 c5 4. Nf3 Ne4 5. Bf4 Nc6 6. c3 Qb6 7. Qb3 c4 8. Qc2 Bf5 9. Qc1 e6 10. Nbd2 Be7 11. h3 Rc8 12. Be2 O-O 13. O-O Qd8 14. Re1 b5 15. a3 a5 16. Nxe4 Bxe4 17. Nd2 Bg6 18. Bf3 f5 19. Bd1 Qb6 20. Nf3 Bh5 21. Ne5 Nxe5 22. Bxe5 Bxd1 23. Qxd1 Bd6 24. Bxd6 Qxd6 25. Qf3 Ra8 26. g3 b4 27. axb4 axb4 28. Kg2 b3 29. Rab1 Ra2 30. Re2 Rfa8 31. Rbe1 Ra1 32. g4 Rxe1 33. Rxe1 g6 34. g5 Kg7 35. h4 h6 36. Qg3 Qxg3+ 37. Kxg3 hxg5 38. hxg5 Rh8 39. Kf4 Rh2 40. Rf1 Kf7 41. Kg3 Rh5 42. f4 Rh8 43. Ra1 Re8 44. Ra7+ Re7 45. Rxe7+ Kxe7 1/2-1/2


[Site "https://www.chess.com"]

[Event "Titled Tuesday Blitz May 10 Early 2022"]
[White "Saldano Dayer, Horacio"]
[Black "Wagh Suyog"]
[WhiteFideId "103411"]
[BlackFideId "25071688"]
[WhiteElo "2532"]
[BlackElo "2725"]
[Result "0-1"]
[Round "04"]
[TimeControl "180+1"]
[Date "2022.05.11"]
[WhiteClock "0:00:06"]
[BlackClock "0:01:34"]

1. d4 Nf6 2. Bg5 d5 3. e3 Bg4 4. f3 Bf5 5. c4 c6 6. Nc3 e6 7. g4 Bg6 8. Qb3 Qb6 9. c5 Qc7 10. Bf4 Qc8 11. h4 h6 12. Qd1 Nbd7 13. b4 Be7 14. Nge2 Bd8 15. a4 Bc7 16. Bxc7 Qxc7 17. Nf4 e5 18. Nxg6 fxg6 19. Qc2 O-O 20. Qh2 a5 21. b5 b6 22. g5 Nh5 23. bxc6 bxc5 24. Nxd5 Qd6 25. Bc4 cxd4 26. cxd7 Kh7 27. O-O dxe3 28. Rac1 Qxd7 29. Nb6 Qd4 30. Nxa8 e2+ 31. Qf2 exf1=Q+ 32. Bxf1 Qf4 33. Rc7 Rxa8 34. gxh6 e4 35. hxg7 Qxc7 0-1


[Site "https://www.chess.com"]

[Event "Titled Tuesday Blitz May 10 Early 2022"]
[White "Samadov, Read"]
[Black "Al-Tarboush, Ward"]
[WhiteFideId "13417444"]
[BlackFideId "7601450"]
[WhiteElo "2826"]
[BlackElo "2567"]
[Result "1-0"]
[Round "04"]
[TimeControl "180+1"]
[Date "2022.05.11"]
[WhiteClock "0:01:49"]
[BlackClock "0:00:58"]

1. d4 b6 2. c4 Bb7 3. Nc3 Nf6 4. a3 d5 5. Nf3 e6 6. cxd5 Nxd5 7. Qc2 Be7 8. e4 Nxc3 9. bxc3 O-O 10. Bd3 Nd7 11. O-O Re8 12. Qe2 c5 13. Bb2 Rc8 14. Rad1 Nf8 15. Rfe1 Ng6 16. g3 Rc7 17. h4 h6 18. h5 Nf8 19. Bb1 Qa8 20. Ne5 Nh7 21. d5 exd5 22. exd5 Bd6 23. Qd3 Nf6 24. Ng4 Rxe1+ 25. Rxe1 Re7 26. Nxf6+ 1-0


[Site "https://www.chess.com"]

[Event "Titled Tuesday Blitz May 10 Early 2022"]
[White "Samunenkov, Ihor"]
[Black "Aaditya Dhingra"]
[WhiteFideId "14187086"]
[BlackFideId "25678191"]
[WhiteElo "2409"]
[BlackElo "1849"]
[Result "1-0"]
[Round "04"]
[TimeControl "180+1"]
[Date "2022.05.11"]
[WhiteClock "0:00:03"]
[BlackClock "0:00:18"]

1. e4 e5 2. Nf3 Nc6 3. Bb5 a6 4. Ba4 Nf6 5. O-O Be7 6. Re1 b5 7. Bb3 d6 8. a4 Bb7 9. d3 O-O 10. Nbd2 Na5 11. Ba2 c5 12. c3 Nc6 13. Nf1 Bc8 14. axb5 Nb8 15. Ne3 h6 16. d4 Qc7 17. dxe5 dxe5 18. Nd5 Nxd5 19. Bxd5 Ra7 20. b6 Qxb6 21. Nxe5 Be6 22. Nc4 Qb5 23. Qa4 Bxd5 24. exd5 Rd7 25. Bf4 Rxd5 26. Qxb5 axb5 27. Nb6 Rf5 28. Bxb8 Rxb8 29. Nd7 Rd8 30. Rxe7 Rd5 31. Nxc5 Rxc5 32. g3 g5 33. Raa7 Rf5 34. Rad7 Ra8 35. Kg2 Ra2 36. Re2 Ra1 37. Rb7 Rd1 38. Rc2 g4 39. b4 h5 40. c4 bxc4 41. Rc7 h4 42. gxh4 Rh5 43. R7xc4 Rxh4 44. Rb2 f5 45. b5 Rh7 46. b6 g3 47. hxg3 Rhh1 48. Rc8+ Kg7 49. b7 Rhg1+ 50. Kf3 Rd3+ 51. Ke2 1-0


[Site "https://www.chess.com"]

[Event "Titled Tuesday Blitz May 10 Early 2022"]
[White "Sanchez, Robert"]
[Black "D`Arruda, Ricardo D."]
[WhiteFideId "2034360"]
[BlackFideId "100692"]
[WhiteElo "2140"]
[BlackElo "2453"]
[Result "1-0"]
[Round "04"]
[TimeControl "180+1"]
[Date "2022.05.11"]
[WhiteClock "0:00:03"]
[BlackClock "0:00:01"]

1. e4 c5 2. Nf3 Nc6 3. d4 cxd4 4. Nxd4 e5 5. Nb5 a6 6. Nd6+ Bxd6 7. Qxd6 Qe7 8. Qd1 Nf6 9. Bd3 d5 10. exd5 Nxd5 11. O-O Be6 12. Qe2 O-O-O 13. c3 Nf4 14. Bxf4 exf4 15. Na3 Kb8 16. Rfe1 Qc5 17. Qf3 g5 18. Be4 Ne5 19. Qh5 f6 20. Qh6 Qe7 21. Bc2 Rd2 22. Bb3 Rxb2 23. Bxe6 Qxe6 24. Rab1 Rxb1 25. Rxb1 Rc8 26. Qxh7 Rc7 27. Qh8+ Ka7 28. Qd8 Rd7 29. Qa5 Rd5 30. Qb4 Qd7 31. h3 f3 32. c4 Rd1+ 33. Rxd1 Qxd1+ 34. Kh2 fxg2 35. Kxg2 Qf3+ 36. Kg1 Qxf2+ 37. Kxf2 Nd3+ 38. Kf3 Nxb4 39. Ke4 Nxa2 40. Kf5 Kb6 41. Kxf6 Kc5 42. Kxg5 Nc3 43. Kf5 Ne2 44. Kg4 Nc3 45. h4 Kb4 46. Nc2+ Kxc4 47. h5 Ne4 48. h6 Nf6+ 49. Kf5 Nh7 50. Kg6 Nf8+ 51. Kf7 Nh7 52. Kg7 Ng5 53. Ne3+ Kd4 54. Kg6 Ne6 55. Nf5+ Ke5 56. Ng7 Nf8+ 57. Kf7 Nh7 58. Ne8 Kf5 59. Kg7 Ng5 60. Nd6+ Ke6 61. Ne4 Nf7 62. h7 a5 63. Ng5+ Nxg5 64. h8=Q Ne4 65. Qc8+ 1-0


[Site "https://www.chess.com"]

[Event "Titled Tuesday Blitz May 10 Early 2022"]
[White "Santos Ruiz, Miguel"]
[Black "Keymer, Vincent"]
[WhiteFideId "22291482"]
[BlackFideId "12940690"]
[WhiteElo "2486"]
[BlackElo "2548"]
[Result "1-0"]
[Round "04"]
[TimeControl "180+1"]
[Date "2022.05.10"]
[WhiteClock "0:00:21"]
[BlackClock "0:00:04"]

1. e4 c6 2. d4 d5 3. exd5 cxd5 4. Bd3 Nf6 5. Nf3 Bg4 6. h3 Bh5 7. c3 e6 8. Bf4 Bd6 9. Bxd6 Qxd6 10. Nbd2 O-O 11. O-O Nc6 12. Qe1 Nd7 13. Nh4 Rfe8 14. f4 Bg6 15. Nxg6 hxg6 16. Qe3 Rab8 17. a4 a6 18. Nf3 Ne7 19. Ne5 Rbc8 20. Rf2 Nf8 21. Re1 Nf5 22. Qf3 Rb8 23. g4 Ne7 24. h4 b5 25. axb5 axb5 26. h5 gxh5 27. Qh3 hxg4 28. Qxg4 Nf5 29. Qh5 g6 30. Qh3 Qd8 31. Rh2 Qf6 32. Ng4 Qg7 33. Kf2 Nd7 34. Bxf5 exf5 35. Nh6+ Kf8 36. Nxf5 gxf5 37. Qh8+ Qg8 38. Qxg8+ Kxg8 39. Rg1+ Kf8 40. Rh8+ Ke7 41. Re1+ Kd6 42. Rexe8 Rxe8 43. Rxe8 Nf6 44. Rb8 Kc6 45. Rf8 b4 46. Rxf7 Ne4+ 47. Ke3 bxc3 48. bxc3 Nxc3 49. Rxf5 Kd6 50. Rf6+ Ke7 51. Rc6 Nd1+ 52. Kf3 Nb2 53. f5 Nc4 54. Kf4 Kf7 55. Kg5 1-0


[Site "https://www.chess.com"]

[Event "Titled Tuesday Blitz May 10 Early 2022"]
[White "Sharbaf, Mohsen"]
[Black "Raahul V S"]
[WhiteFideId "12501808"]
[BlackFideId "25035525"]
[WhiteElo "2187"]
[BlackElo "2185"]
[Result "0-1"]
[Round "04"]
[TimeControl "180+1"]
[Date "2022.05.11"]
[WhiteClock "0:00:11"]
[BlackClock "0:00:38"]

1. c4 c5 2. Nf3 Nf6 3. g3 d5 4. cxd5 Nxd5 5. Bg2 Nc6 6. O-O Nc7 7. Nc3 e5 8. d3 Be7 9. Ne1 O-O 10. Bxc6 bxc6 11. Nf3 f6 12. Qc2 Be6 13. Be3 Rc8 14. Ne4 Nd5 15. Bxc5 f5 16. Bxe7 Qxe7 17. Nc5 Bf7 18. a3 Bh5 19. Kg2 Rce8 20. b4 e4 21. dxe4 fxe4 22. Nd4 Qf6 23. Qc4 Qg6 24. Kh1 Kh8 25. b5 Nb6 26. Qa2 Qd6 27. Nde6 Bf7 28. Rad1 Qe7 29. bxc6 Bxe6 30. Nxe6 Qxe6 31. Qxe6 Rxe6 32. Rc1 Rc8 33. Rfd1 Kg8 34. Rd4 e3 35. f4 Rexc6 36. Rb1 Rc2 37. Kg2 Rxe2+ 38. Kf3 Rxh2 39. Kxe3 Rc3+ 40. Ke4 Re2+ 41. Kf5 Rxg3 42. a4 Kf7 43. a5 g6# 0-1


[Site "https://www.chess.com"]

[Event "Titled Tuesday Blitz May 10 Early 2022"]
[White "Shimelkov, Vasiliy"]
[Black "Fathy, Elameir"]
[WhiteFideId "13701630"]
[BlackFideId "10600396"]
[WhiteElo "2073"]
[BlackElo "2311"]
[Result "1-0"]
[Round "04"]
[TimeControl "180+1"]
[Date "2022.05.11"]
[WhiteClock "0:00:30"]
[BlackClock "0:00:02"]

1. d4 d5 2. Nf3 Nf6 3. c4 c6 4. Nc3 dxc4 5. a4 Bf5 6. e3 e6 7. Bxc4 Bb4 8. O-O O-O 9. Qe2 Nbd7 10. e4 Bg6 11. e5 Nd5 12. Nxd5 cxd5 13. Bd3 Rc8 14. Bxg6 fxg6 15. Ng5 Qb6 16. Qg4 Rf5 17. Be3 Be7 18. a5 Qa6 19. b4 Bxg5 20. Bxg5 Rc4 21. Rfb1 Nxe5 22. Qg3 h6 23. b5 Qd6 24. dxe5 Qc5 25. Be3 d4 26. Bd2 Rc2 27. Be1 d3 28. Qe3 Qxe3 29. fxe3 d2 30. Bg3 Rf7 31. b6 a6 32. Rd1 Rd7 33. Kf1 Rd5 34. Ke2 g5 35. Bf2 Rxe5 36. Rxd2 Rxd2+ 37. Kxd2 h5 38. Bg3 Rd5+ 39. Ke2 h4 40. Be1 Kf7 41. e4 Rd7 42. Bd2 Kf6 43. Rf1+ Kg6 44. Rf8 g4 45. Rc8 Kf7 46. Rc7 Ke8 47. Rxd7 Kxd7 48. Ke3 h3 49. gxh3 gxh3 50. Kf3 Kd6 51. Bc3 e5 52. Kg3 Ke6 53. Kxh3 1-0


[Site "https://www.chess.com"]

[Event "Titled Tuesday Blitz May 10 Early 2022"]
[White "Shukhman, Anna"]
[Black "Skliarov, Viktor"]
[WhiteFideId "54180058"]
[BlackFideId "14106736"]
[WhiteElo "1726"]
[BlackElo "2229"]
[Result "0-1"]
[Round "04"]
[TimeControl "180+1"]
[Date "2022.05.11"]
[WhiteClock "0:00:07"]
[BlackClock "0:00:10"]

1. e4 c5 2. Nf3 Nc6 3. Bb5 e6 4. O-O Nge7 5. c3 a6 6. Ba4 b5 7. Bc2 d5 8. exd5 Nxd5 9. a4 b4 10. d4 c4 11. Nbd2 bxc3 12. Nxc4 cxb2 13. Bxb2 Be7 14. Rc1 O-O 15. Bb1 Ncb4 16. Nce5 Bb7 17. Nd2 Nf6 18. Re1 Rc8 19. Ne4 Nxe4 20. Bxe4 Bxe4 21. Rxc8 Qxc8 22. Rxe4 Qb7 23. Re2 Rc8 24. h3 Bd6 25. g3 h6 26. Nd3 Qf3 27. Nxb4 Bxb4 28. Qf1 Qb3 29. Bc1 Qxa4 30. Bf4 Qb5 31. Be5 Bf8 32. Qd1 a5 33. Rc2 Rxc2 34. Qxc2 Qa6 35. Qc7 a4 36. Qc2 a3 37. Qa2 Qb5 38. d5 Qxd5 39. Qxd5 exd5 40. Kf1 Bc5 41. Ke2 d4 0-1


[Site "https://www.chess.com"]